| TOP OF THE 1ST |
|
Chicago Cubs batting - Pitching for Cincinnati Reds : RHP Jay Rapini
|
|
Pitching: RHP Jay Rapini
|
|
|
Batting: RHB Josh Kalman
|
0-0: Ball 1-0: Called Strike 1-1: Ball 2-1: Ground out 6-3 (Groundball, 4MS, EV 81.2 MPH)
|
|
Batting: RHB Steve Bartman Jr.
|
0-0: Ball 1-0: Fly out, F7 (Flyball, 78M, EV 97.5 MPH)
|
|
Batting: LHB Kevin Norton
|
0-0: Called Strike 0-1: Ball 1-1: Called Strike 1-2: Strikes out looking
|
| Top of the 1st over - 0 runs, 0 hits, 0 errors, 0 left on base; Chicago 0 - Cincinnati 0 |
| BOTTOM OF THE 1ST |
|
Cincinnati Reds batting - Pitching for Chicago Cubs : RHP Brian Bailes
|
|
Pitching: RHP Brian Bailes
|
|
|
Batting: RHB Tony Casas
|
0-0: Ball 1-0: Ball 2-0: Ball 3-0: Base on Balls
|
|
Batting: RHB Willie Lazcano
|
0-0: Called Strike 0-1: Ball 1-1: Ball 2-1: Foul Ball, location: 2F 2-2: Ball 3-2: Strikes out swinging Tony Casas is caught stealing 2nd base 2-4 Batter strikes out.
|
|
Batting: SHB Jun Tsuda
|
0-0: Foul Ball, location: 2F 0-1: Hit by Pitch
|
|
Batting: LHB Chris Grunwald
|
0-0: Ball 1-0: Called Strike 1-1: Foul Ball, location: 2F 1-2: Foul Ball, location: 2F 1-2: Strikes out swinging
|
| Bottom of the 1st over - 0 runs, 0 hits, 0 errors, 1 left on base; Chicago 0 - Cincinnati 0 |
| TOP OF THE 2ND |
|
Chicago Cubs batting - Pitching for Cincinnati Reds : RHP Jay Rapini
|
|
Batting: RHB Xavier Davis
|
0-0: Foul Ball, location: 2F 0-1: Ball 1-1: Swinging Strike 1-2: Foul Ball, location: 2F 1-2: Foul Ball, location: 2F 1-2: Ball 2-2: SINGLE (Line Drive, 7LS, EV 96.9 MPH)
|
|
Batting: SHB Moe Lester
|
0-0: Called Strike 0-1: Ball 1-1: Ball 2-1: Foul Ball, location: 2F 2-2: Strikes out looking
|
|
Batting: LHB Jon Schick
|
0-0: Called Strike 0-1: Ball 1-1: Foul Ball, location: 2F 1-2: Strikes out swinging
|
|
Batting: SHB Gabriel Cruz
|
0-0: Called Strike 0-1: Called Strike 0-2: Ball 1-2: Fly out, F7 (Flyball, 78D, EV 93.8 MPH)
|
| Top of the 2nd over - 0 runs, 1 hit, 0 errors, 1 left on base; Chicago 0 - Cincinnati 0 |
| BOTTOM OF THE 2ND |
|
Cincinnati Reds batting - Pitching for Chicago Cubs : RHP Brian Bailes
|
|
Batting: SHB Dave Barefoot
|
0-0: Called Strike 0-1: Swinging Strike 0-2: Foul Ball, location: 2F 0-2: Ball 1-2: Foul Ball, location: 2F 1-2: Ball 2-2: Strikes out swinging
|
|
Batting: RHB Steve Castleberry
|
0-0: Swinging Strike 0-1: Fly out, F9 (Flyball, 89M, EV 90.0 MPH)
|
|
Batting: RHB Joseph Kirchmann
|
0-0: Ball 1-0: Foul Ball, location: 2F 1-1: Foul Ball, location: 2F 1-2: Ball 2-2: Ball 3-2: Base on Balls
|
|
Batting: RHB Fred Slade
|
0-0: Ball 1-0: SINGLE (Groundball, 56D, EV 106.2 MPH) Joseph Kirchmann to second Runner from 2nd tries for 3rd, SAFE, throw by LF made to third
|
|
Batting: LHB Antonio Diaz
|
0-0: Foul Ball, location: 2F 0-1: Ball 1-1: Called Strike 1-2: Foul Ball, location: 2F 1-2: Ground out 4-3 (Groundball, 4, EV 86.2 MPH)
|
| Bottom of the 2nd over - 0 runs, 1 hit, 0 errors, 2 left on base; Chicago 0 - Cincinnati 0 |
| TOP OF THE 3RD |
|
Chicago Cubs batting - Pitching for Cincinnati Reds : RHP Jay Rapini
|
|
Batting: RHB Jose Balderrama
|
0-0: Called Strike 0-1: Called Strike 0-2: Ball 1-2: Ball 2-2: Foul Ball, location: 2F 2-2: SINGLE (Groundball, 56D, EV 98.1 MPH)
|
|
Batting: SHB Tze-meng Gan
|
0-0: Foul Ball, location: 2F 0-1: Fly out, F7 (Flyball, 7D, EV 93.1 MPH)
|
|
Batting: RHB Josh Kalman
|
0-0: Ball 1-0: Ground out 6-3 (Groundball, 56, EV 103.1 MPH) Jose Balderrama to second
|
|
Batting: RHB Steve Bartman Jr.
|
0-0: Called Strike 0-1: Swinging Strike 0-2: Strikes out swinging
|
| Top of the 3rd over - 0 runs, 1 hit, 0 errors, 1 left on base; Chicago 0 - Cincinnati 0 |
| BOTTOM OF THE 3RD |
|
Cincinnati Reds batting - Pitching for Chicago Cubs : RHP Brian Bailes
|
|
Batting: RHB Tony Casas
|
0-0: Ball 1-0: Ball 2-0: Called Strike 2-1: Called Strike 2-2: Strikes out looking
|
|
Batting: RHB Willie Lazcano
|
0-0: Ball 1-0: Called Strike 1-1: SINGLE (Flyball, 8LM, EV 86.2 MPH)
|
|
Batting: SHB Jun Tsuda
|
0-0: Ball 1-0: Ball 2-0: Called Strike 2-1: Foul Ball, location: 2F 2-2: Ball 3-2: Base on Balls Willie Lazcano to second
|
|
Batting: LHB Chris Grunwald
|
0-0: Called Strike 0-1: Ball 1-1: Grounds into double play, 4-6-3 (Groundball, 4, EV 83.1 MPH)
|
| Bottom of the 3rd over - 0 runs, 1 hit, 0 errors, 1 left on base; Chicago 0 - Cincinnati 0 |
| TOP OF THE 4TH |
|
Chicago Cubs batting - Pitching for Cincinnati Reds : RHP Jay Rapini
|
|
Batting: LHB Kevin Norton
|
0-0: Called Strike 0-1: Swinging Strike 0-2: Strikes out swinging
|
|
Batting: RHB Xavier Davis
|
0-0: Fly out, F7 (Line Drive, 78M, EV 91.9 MPH)
|
|
Batting: SHB Moe Lester
|
0-0: Ball 1-0: Ball 2-0: Foul Ball, location: 2F 2-1: Called Strike 2-2: Ball 3-2: Base on Balls
|
|
Batting: LHB Jon Schick
|
0-0: Called Strike 0-1: Ball 1-1: Swinging Strike 1-2: Foul Ball, location: 2F 1-2: Ball 2-2: Foul Ball, location: 2F 2-2: Foul Ball, location: 2F 2-2: Strikes out swinging
|
| Top of the 4th over - 0 runs, 0 hits, 0 errors, 1 left on base; Chicago 0 - Cincinnati 0 |
| BOTTOM OF THE 4TH |
|
Cincinnati Reds batting - Pitching for Chicago Cubs : RHP Brian Bailes
|
|
Batting: SHB Dave Barefoot
|
0-0: Called Strike 0-1: Foul Ball, location: 2F 0-2: Strikes out swinging
|
|
Batting: RHB Steve Castleberry
|
0-0: Fly out, F7 (Line Drive, 7, EV 90.6 MPH)
|
|
Batting: RHB Joseph Kirchmann
|
0-0: Ball 1-0: Ball 2-0: Foul Ball, location: 2F 2-1: Ball 3-1: Fly out, F8 (Line Drive, 8RS, EV 95.6 MPH)
|
| Bottom of the 4th over - 0 runs, 0 hits, 0 errors, 0 left on base; Chicago 0 - Cincinnati 0 |
| TOP OF THE 5TH |
|
Chicago Cubs batting - Pitching for Cincinnati Reds : RHP Jay Rapini
|
|
Batting: SHB Gabriel Cruz
|
0-0: Called Strike 0-1: Ball 1-1: Ground out 4-3 (Groundball, 4, EV 104.4 MPH)
|
|
Batting: RHB Jose Balderrama
|
0-0: Ball 1-0: Swinging Strike 1-1: Ball 2-1: Ball 3-1: Foul Ball, location: 2F 3-2: SOLO HOME RUN (Flyball, 78XD, EV 111.9 MPH), Distance : 420 ft
|
|
Batting: SHB Tze-meng Gan
|
0-0: Ball 1-0: Called Strike 1-1: Ball 2-1: Ball 3-1: Fly out, F6 (Popup, 6MS, EV 66.2 MPH)
|
|
Batting: RHB Josh Kalman
|
0-0: Ball 1-0: Called Strike 1-1: Ground out 5-3 (Groundball, 5, EV 88.1 MPH)
|
| Top of the 5th over - 1 run, 1 hit, 0 errors, 0 left on base; Chicago 1 - Cincinnati 0 |
| BOTTOM OF THE 5TH |
|
Cincinnati Reds batting - Pitching for Chicago Cubs : RHP Brian Bailes
|
|
Batting: RHB Fred Slade
|
0-0: Ball 1-0: Called Strike 1-1: Ball 2-1: Ball 3-1: SINGLE (Flyball, 5D, EV 92.5 MPH)
|
|
Batting: LHB Antonio Diaz
|
0-0: Foul Ball, location: 2F 0-1: Ball 1-1: Swinging Strike 1-2: Strikes out swinging
|
|
Batting: RHB Tony Casas
|
0-0: DOUBLE (Line Drive, 89M, EV 105.0 MPH) Fred Slade to third
|
|
Batting: RHB Willie Lazcano
|
0-0: Ground out 5-3 (Groundball, 56S, EV 65.6 MPH)
|
|
Batting: SHB Jun Tsuda
|
0-0: Ball 1-0: Foul Ball, location: 2F 1-1: Foul Ball, location: 2F 1-2: Ball 2-2: Ball 3-2: Strikes out swinging
|
| Bottom of the 5th over - 0 runs, 2 hits, 0 errors, 2 left on base; Chicago 1 - Cincinnati 0 |
| TOP OF THE 6TH |
|
Chicago Cubs batting - Pitching for Cincinnati Reds : RHP Jay Rapini
|
|
Batting: RHB Steve Bartman Jr.
|
0-0: Ball 1-0: Ball 2-0: Foul Ball, location: 2F 2-1: Foul Ball, location: 2F 2-2: Strikes out swinging
|
|
Batting: LHB Kevin Norton
|
0-0: Ground out U3 (Groundball, 3, EV 83.8 MPH)
|
|
Batting: RHB Xavier Davis
|
0-0: Called Strike 0-1: Ball 1-1: Foul Ball, location: 2F 1-2: Foul Ball, location: 2F 1-2: Foul Ball, location: 2F 1-2: Ground out 3-1 (Groundball, 34S, EV 91.9 MPH)
|
| Top of the 6th over - 0 runs, 0 hits, 0 errors, 0 left on base; Chicago 1 - Cincinnati 0 |
| BOTTOM OF THE 6TH |
|
Cincinnati Reds batting - Pitching for Chicago Cubs : RHP Brian Bailes
|
|
Batting: LHB Chris Grunwald
|
0-0: Ball 1-0: Foul Ball, location: 2F 1-1: Ball 2-1: Fly out, F8 (Flyball, 89S, EV 85.0 MPH)
|
|
Batting: SHB Dave Barefoot
|
0-0: Fly out, F7 (Flyball, 78D, EV 96.9 MPH)
|
|
Batting: RHB Steve Castleberry
|
0-0: Foul Ball, location: 2F 0-1: Ball 1-1: Ball 2-1: Foul Ball, location: 2F 2-2: Ball 3-2: DOUBLE (Line Drive, 8RXD, EV 98.1 MPH)
|
|
Batting: RHB Joseph Kirchmann
|
0-0: Ball 1-0: Ground out 6-3 (Groundball, 6M, EV 110.6 MPH)
|
| Bottom of the 6th over - 0 runs, 1 hit, 0 errors, 1 left on base; Chicago 1 - Cincinnati 0 |
| TOP OF THE 7TH |
|
Chicago Cubs batting - Pitching for Cincinnati Reds : RHP Jay Rapini
|
|
Batting: SHB Moe Lester
|
0-0: Ball 1-0: Foul Ball, location: 2F 1-1: Ball 2-1: Foul Ball, location: 2F 2-2: Ball 3-2: Foul Ball, location: 2F 3-2: Base on Balls
|
|
Batting: LHB Jon Schick
|
0-0: Ball 1-0: Ball 2-0: Ball 3-0: Called Strike 3-1: Sac Bunt to 15 - play at first, batter OUT! 1-3 Moe Lester to second
|
|
Pitching: RHP Matt Flink
|
|
|
Batting: SHB Gabriel Cruz
|
0-0: Called Strike 0-1: Foul Ball, location: 2F 0-2: Strikes out swinging
|
|
Batting: RHB Jose Balderrama
|
0-0: Ball 1-0: Called Strike 1-1: Ball 2-1: Foul Ball, location: 2RF, Error on foul ball, E2 2-2: Ball 3-2: Base on Balls
|
|
Batting: SHB Tze-meng Gan
|
0-0: Ball 1-0: Called Strike 1-1: Ball 2-1: Ball 3-1: Base on Balls Moe Lester to third Jose Balderrama to second
|
|
Batting: RHB Josh Kalman
|
0-0: Ball 1-0: Ball 2-0: Foul Ball, location: 2F 2-1: Swinging Strike 2-2: Foul Ball, location: 2F 2-2: Fielders Choice at 2nd, 5-4 (Groundball, 56, EV 93.8 MPH)
|
| Top of the 7th over - 0 runs, 0 hits, 1 error, 3 left on base; Chicago 1 - Cincinnati 0 |
| BOTTOM OF THE 7TH |
|
Cincinnati Reds batting - Pitching for Chicago Cubs : RHP Brian Bailes
|
|
Batting: RHB Fred Slade
|
0-0: Foul Ball, location: 2F 0-1: Ball 1-1: Called Strike 1-2: Foul Ball, location: 2F 1-2: Ground out 6-3 (Groundball, 6, EV 103.8 MPH)
|
|
Batting: LHB Antonio Diaz
|
0-0: Swinging Strike 0-1: Foul Ball, location: 2F 0-2: Strikes out swinging
|
|
Batting: RHB Tony Casas
|
0-0: Called Strike 0-1: SINGLE (Groundball, 56D, EV 102.5 MPH)
|
|
Batting: RHB Willie Lazcano
|
0-0: SINGLE (Flyball, 8RS, EV 90.0 MPH) Tony Casas to second Runner from 2nd tries for 3rd, SAFE, throw by CF made to third
|
|
Batting: SHB Jun Tsuda
|
0-0: DOUBLE (Flyball, 78XD, EV 101.2 MPH) Tony Casas scores Willie Lazcano to third Runner from 3rd tries for Home, SAFE, no throw by LF
|
|
Batting: LHB Chris Grunwald
|
0-0: Intentional Walk
|
|
Pitching: RHP Eric Oakes
|
|
|
Batting: SHB Dave Barefoot
|
0-0: Swinging Strike 0-1: Foul Ball, location: 2F 0-2: Strikes out swinging
|
| Bottom of the 7th over - 2 runs, 3 hits, 0 errors, 2 left on base; Chicago 1 - Cincinnati 2 |
| TOP OF THE 8TH |
|
Chicago Cubs batting - Pitching for Cincinnati Reds : RHP Matt Flink
|
|
Batting: RHB Steve Bartman Jr.
|
0-0: Ball 1-0: Ground out 5-3 (Groundball, 5S, EV 82.5 MPH)
|
|
Batting: LHB Kevin Norton
|
0-0: Called Strike 0-1: SOLO HOME RUN (Flyball, 7D, EV 96.9 MPH), Distance : 394 ft
|
|
Pinch Hitting: SHB Zory Larikov
|
0-0: Ball 1-0: Ball 2-0: Called Strike 2-1: Foul Ball, location: 2F 2-2: Strikes out swinging
|
|
Batting: SHB Moe Lester
|
0-0: Ball 1-0: Ball 2-0: Called Strike 2-1: Ball 3-1: Base on Balls
|
|
Batting: LHB Jon Schick
|
0-0: Foul Ball, location: 2F 0-1: Ball Moe Lester steals 2nd, throwing error, E2 Moe Lester to third 1-1: Intentional Walk
|
|
Batting: SHB Gabriel Cruz
|
0-0: Ball 1-0: Ball 2-0: DOUBLE (Flyball, 8LXD, EV 110.6 MPH) Moe Lester scores Jon Schick to third Runner from 3rd tries for Home, SAFE, no throw by CF
|
|
Batting: RHB Jose Balderrama
|
0-0: Ball 1-0: Ball 2-0: SINGLE (Groundball, 6MD, EV 95.0 MPH) Gabriel Cruz to third Runner from 3rd tries for Home, SAFE, throw by CF to home Jose Balderrama to second
|
|
Pitching: RHP Robbie Delgado
|
|
|
Batting: SHB Tze-meng Gan
|
0-0: Called Strike 0-1: Ball 1-1: Ground out 6-3 (Groundball, 6, EV 86.9 MPH)
|
| Top of the 8th over - 4 runs, 3 hits, 1 error, 1 left on base; Chicago 5 - Cincinnati 2 |
| BOTTOM OF THE 8TH |
|
Cincinnati Reds batting - Pitching for Chicago Cubs : RHP Eric Oakes
|
|
Now at 3B: Zory Larikov
|
|
|
Batting: RHB Steve Castleberry
|
0-0: Called Strike 0-1: Ball 1-1: Called Strike 1-2: Strikes out swinging
|
|
Batting: RHB Joseph Kirchmann
|
0-0: Ball 1-0: Called Strike 1-1: Ball 2-1: Fly out, F8 (Flyball, 8RD, EV 105.0 MPH)
|
|
Batting: RHB Fred Slade
|
0-0: Ball 1-0: Ball 2-0: Ball 3-0: Called Strike 3-1: Base on Balls
|
|
Batting: LHB Antonio Diaz
|
0-0: Called Strike 0-1: Ball 1-1: Swinging Strike 1-2: Strikes out looking
|
| Bottom of the 8th over - 0 runs, 0 hits, 0 errors, 1 left on base; Chicago 5 - Cincinnati 2 |
| TOP OF THE 9TH |
|
Chicago Cubs batting - Pitching for Cincinnati Reds : RHP Robbie Delgado
|
|
Batting: RHB Josh Kalman
|
0-0: Ball 1-0: Foul Ball, location: 2F 1-1: Ball 2-1: Ball 3-1: Foul Ball, location: 2F 3-2: Strikes out swinging
|
|
Batting: RHB Steve Bartman Jr.
|
0-0: Foul Ball, location: 2F 0-1: Called Strike 0-2: Ball 1-2: Ball 2-2: SINGLE (Groundball, 6MD, EV 104.4 MPH)
|
|
Batting: LHB Kevin Norton
|
0-0: Called Strike 0-1: Fly out, F7 (Flyball, 7D, EV 108.1 MPH)
|
|
Batting: SHB Zory Larikov
|
0-0: Called Strike 0-1: Fly out, F8 (Flyball, 8LD, EV 86.9 MPH)
|
| Top of the 9th over - 0 runs, 1 hit, 0 errors, 1 left on base; Chicago 5 - Cincinnati 2 |
| BOTTOM OF THE 9TH |
|
Cincinnati Reds batting - Pitching for Chicago Cubs : RHP Eric Oakes
|
|
Pitching: LHP Mike Alexander
|
|
|
Batting: RHB Tony Casas
|
0-0: Foul Ball, location: 2F 0-1: Ball 1-1: Ball 2-1: Ball 3-1: Foul Ball, location: 2F 3-2: Strikes out looking
|
|
Batting: RHB Willie Lazcano
|
0-0: Ball 1-0: Ball 2-0: Ball 3-0: Base on Balls
|
|
Batting: SHB Jun Tsuda
|
0-0: Ball 1-0: Called Strike 1-1: Foul Ball, location: 2F 1-2: SINGLE (Groundball, 5S, EV 72.5 MPH) (infield hit) Willie Lazcano to second
|
|
Batting: LHB Chris Grunwald
|
0-0: Swinging Strike 0-1: Ball 1-1: Foul Ball, location: 2F 1-2: Foul Ball, location: 2F 1-2: Fly out, F7 (Flyball, 78D, EV 88.8 MPH)
|
|
Batting: SHB Dave Barefoot
|
0-0: Ball 1-0: Ball 2-0: Swinging Strike 2-1: 3-RUN HOME RUN (Flyball, 89XD, EV 103.8 MPH), Distance : 410 ft
|
|
Batting: RHB Steve Castleberry
|
0-0: Ball 1-0: SINGLE (Line Drive, 78S, EV 88.8 MPH)
|
|
Batting: RHB Joseph Kirchmann
|
0-0: Called Strike 0-1: Ball 1-1: Foul Ball, location: 2F 1-2: SINGLE (Groundball, 6MD, EV 109.4 MPH) Steve Castleberry to second Runner from 2nd tries for 3rd, SAFE, throw by CF made to third
|
|
Batting: RHB Fred Slade
|
0-0: Called Strike 0-1: Ball 1-1: Ball 2-1: Ball 3-1: Foul Ball, location: 2F 3-2: Base on Balls Joseph Kirchmann to second
|
|
Batting: RHB Mike Alm
|
0-0: Foul Ball, location: 2F 0-1: Foul Ball, location: 2F 0-2: Ball 1-2: Strikes out swinging
|
| Bottom of the 9th over - 3 runs, 4 hits, 0 errors, 3 left on base; Chicago 5 - Cincinnati 5 |
| TOP OF THE 10TH |
|
Chicago Cubs batting - Pitching for Cincinnati Reds : RHP Robbie Delgado
|
|
Pitching: RHP Ryan Terlizzi
|
|
|
Batting: SHB Moe Lester
|
0-0: Foul Ball, location: 2F 0-1: Ball 1-1: Ball 2-1: Ball 3-1: Base on Balls
|
|
Batting: LHB Jon Schick
|
0-0: Ball 1-0: Ball 2-0: Called Strike 2-1: Ball 3-1: Called Strike 3-2: Strikes out swinging
|
|
Batting: SHB Gabriel Cruz
|
0-0: Called Strike 0-1: Called Strike Moe Lester steals 2nd base 0-2: Ball 1-2: Strikes out swinging
|
|
Batting: RHB Jose Balderrama
|
0-0: Ground out 6-3 (Groundball, 56, EV 88.1 MPH)
|
| Top of the 10th over - 0 runs, 0 hits, 0 errors, 1 left on base; Chicago 5 - Cincinnati 5 |
| BOTTOM OF THE 10TH |
|
Cincinnati Reds batting - Pitching for Chicago Cubs : LHP Mike Alexander
|
|
Pitching: RHP Chris Kroesen
|
|
|
Batting: RHB Tony Casas
|
0-0: Ball 1-0: Ball 2-0: Ball 3-0: Called Strike 3-1: Called Strike 3-2: Foul Ball, location: 2F 3-2: Foul Ball, location: 2F 3-2: Foul Ball, location: 2F 3-2: Ground out 6-3 (Groundball, 6M, EV 76.9 MPH)
|
|
Batting: RHB Willie Lazcano
|
0-0: Called Strike 0-1: Ball 1-1: Foul Ball, location: 2F 1-2: Ball 2-2: Ball 3-2: Fly out, F8 (Flyball, 8LD, EV 85.6 MPH)
|
|
Batting: SHB Jun Tsuda
|
0-0: Called Strike 0-1: Foul Ball, location: 2F 0-2: Ball 1-2: Ball 2-2: SINGLE (Line Drive, 6MD, EV 100.0 MPH)
|
|
Batting: LHB Chris Grunwald
|
0-0: Ball Jun Tsuda steals 2nd base 1-0: Intentional Walk
|
|
Batting: SHB Dave Barefoot
|
0-0: Foul Ball, location: 2F 0-1: SINGLE (Flyball, 78S, EV 91.9 MPH) Jun Tsuda to third Chris Grunwald to second Runner from 3rd tries for Home, SAFE, throw by LF to home
|
| Bottom of the 10th over - 1 run, 2 hits, 0 errors, 2 left on base; Chicago 5 - Cincinnati 6 |
|